Map: Hard Lead LE

Players

Wayne (Vanya)

  • Race: Zerg Zerg
  • Spawn Location: 11:00

move (MilkiCow) - Winner!

  • Race: Terran Terran
  • League: Grandmaster
  • Spawn Location: 5:00

VOD

Have the link to the VOD?

Description

Time

  • Played on: Nov. 21, 2023, 10:26 a.m.
  • Length: 14:57
Show
View Real Time Build Order
Export as new Build Order

Wayne Zerg 

Build Orders: Hatch First 

Get SALT Encoding   

  12  0:00  Drone  
  13  0:13  Overlord  
  13  0:17  Drone  
  14  0:31  Drone x2  
  16  0:47  Hatchery  
  15  0:51  Drone  
  15  0:54  Drone  
  17  0:58  Drone  
  18  1:08  Extractor  
  17  1:13  Spawning Pool  
  17  1:16  Drone  
  17  1:19  Drone  
  18  1:29  Drone  
  19  1:40  Drone  
  20  1:50  Drone  
  21  2:00  Zergling x2, Queen x2  
  21  2:01  Zergling x2  
  27  2:13  Overlord  
  27  2:15  Drone  
  28  2:21  Hatchery  
  27  2:26  Drone  
  28  2:33  Drone  
  28  2:34  Drone  
  28  2:35  Drone  
  31  2:40  Queen  
  33  2:47  Overlord  
  33  2:48  Drone  
  34  2:53  Drone  
  34  2:55  Drone  
  36  2:59  Roach Warren  
  35  3:06  Drone  
  35  3:07  Drone  
  35  3:08  Drone  
  35  3:10  Drone x2  
  40  3:16  Queen  
  42  3:22  Overlord  
  42  3:24  Overlord  
  42  3:41  Roach x6  
  53  3:43  Roach  
  55  3:49  Roach  
  55  3:51  Roach  
  59  3:56  Drone x3  
  59  3:57  Drone x2  
  59  4:00  Extractor  
  63  4:06  Overlord  
  63  4:07  Overlord  
  63  4:09  Drone  
  64  4:11  Drone  
  65  4:18  Overlord  
  65  4:19  Evolution Chamber  
  65  4:20  Drone  
  65  4:24  Queen  
  67  4:32  Overlord  
  67  4:40  Lair  
  67  4:42  Overlord  
  65  4:46  Drone  
  65  4:48  Drone  
  65  4:49  Drone x7  
  65  4:51  Drone  
  65  4:52  Drone  
  74  4:56  Drone x2  
  74  5:01  Zerg Ground Armor Level 1  
  74  5:05  Drone x2, Extractor  
  75  5:10  Drone  
  75  5:12  Spore Crawler  
  75  5:13  Spore Crawler x2  
  71  5:15  Drone x2  
  71  5:21  Drone x3, Extractor  
  76  5:22  Drone  
  76  5:31  Overlord  
  76  5:33  Drone x6  
  82  5:39  Overseer  
  81  5:44  Overlord  
  81  5:45  Glial Reconstitution  
  81  5:46  Drone  
  81  5:48  Drone x2  
  82  5:50  Overlord  
  82  5:54  Roach x3  
  86  6:02  Overlord  
  86  6:08  Roach x2  
  90  6:12  Roach x3  
  90  6:15  Hatchery  
  90  6:18  Roach x3  
  101  6:24  Drone x3, Extractor  
  103  6:29  Roach x4  
  111  6:36  Overlord  
  111  6:39  Roach x4  
  119  6:48  Overlord  
  119  6:50  Overlord  
  119  6:53  Overlord  
  123  6:54  Roach x6  
  131  7:01  Overlord  
  131  7:02  Overlord x2  
  131  7:08  Infestation Pit  
  130  7:14  Overseer  
  130  7:15  Drone x8  
  129  7:20  Zerg Ground Armor Level 2  
  136  7:27  Queen  
  136  7:28  Queen  
  140  7:33  Ravager x2  
  140  7:35  Ravager  
  143  7:39  Overlord  
  143  7:42  Overlord  
  139  7:44  Roach x7  
  151  7:53  Hive  
  151  7:58  Overlord  
  151  8:00  Infestor  
  151  8:03  Drone  
  151  8:04  Drone x7, Extractor  
  160  8:05  Extractor  
  160  8:06  Extractor  
  160  8:09  Infestor  
  160  8:13  Spore Crawler, Drone  
  160  8:16  Drone  
  160  8:17  Drone  
  160  8:19  Drone x2  
  165  8:20  Drone, Evolution Chamber  
  165  8:22  Baneling Nest  
  163  8:30  Metabolic Boost  
  163  8:33  Drone  
  164  8:41  Hatchery, Overlord  
  148  8:58  Drone x13  
  148  8:59  Hatchery  
  151  9:03  Overseer  
  151  9:05  Drone x3  
  152  9:11  Zerg Melee Weapons Level 1  
  152  9:16  Ultralisk Cavern  
  146  9:24  Viper x2  
  146  9:27  Drone x3  
  146  9:28  Drone x2  
  157  9:31  Drone x4  
  157  9:33  Drone  
  157  9:38  Spore Crawler  
  161  9:40  Zerg Ground Armor Level 3  
  161  9:41  Extractor x2  
  161  9:45  Drone x2  
  161  9:55  Zergling x12  
  161  9:56  Zergling x2  
  161  9:58  Ravager x3  
  171  10:09  Zergling x8  
  171  10:10  Zergling x8  
  171  10:13  Chitinous Plating  
  179  10:20  Zergling x16, Ultralisk  
  180  10:28  Zergling x2  
  180  10:29  Zergling x6  
  181  10:36  Ultralisk  
  181  10:37  Zergling x6  
  186  10:49  Zergling x6, Ravager x2  
  180  10:50  Zergling x4  
  160  11:03  Zergling x20  
  151  11:07  Zergling x4, Ultralisk  
  155  11:12  Drone x3  
  155  11:17  Zergling x4, Ultralisk  
  157  11:23  Ravager  
  155  11:26  Hatchery, Queen  
  155  11:30  Zergling x10  
  161  11:39  Zergling x2  
  161  11:40  Zergling x14  
  165  11:57  Zergling x22  
  142  12:14  Ultralisk x3  
  142  12:15  Zergling x8  
  151  12:25  Zergling x12  
  157  12:34  Drone  
  157  12:35  Drone x2  
  160  12:39  Extractor  
  160  12:40  Extractor  
  160  12:41  Hatchery  
  160  12:42  Zergling x10  
  160  12:43  Zergling x4  
  158  12:51  Drone x2  
  160  12:55  Centrifugal Hooks  
  160  12:57  Drone x3  
  163  13:01  Drone x6  
  169  13:13  Zergling x12  
  169  13:16  Queen x2  
  179  13:23  Zergling x14  
  186  13:27  Overseer  
  186  13:39  Zergling x14  
  155  13:55  Zergling x14  
  155  13:56  Zergling x6  
  143  14:10  Zergling x14  
  143  14:13  Ultralisk  
  143  14:14  Ultralisk x2  
  164  14:27  Zergling x16  
  165  14:31  Zergling x6  
  165  14:36  Zergling x6  
Show
View Real Time Build Order
Export as new Build Order

move Terran - Winner!

Build Orders: Command Center First, Banshee Rush 

Get SALT Encoding   

  12  0:00  SCV  
  13  0:12  SCV  
  14  0:17  Supply Depot  
  14  0:25  SCV  
  15  0:38  SCV  
  16  0:51  SCV  
  17  0:59  Command Center  
  17  1:03  SCV  
  18  1:15  SCV  
  18  1:16  Barracks  
  19  1:22  Refinery  
  19  1:27  SCV  
  19  1:30  Refinery  
  20  1:40  SCV  
  21  1:52  SCV  
  22  2:04  Marine  
  22  2:05  Orbital Command  
  23  2:10  Factory  
  23  2:14  Orbital Command  
  23  2:22  Barracks Reactor  
  23  2:31  SCV  
  24  2:39  SCV  
  24  2:43  SCV  
  26  2:49  Command Center  
  26  2:52  SCV  
  26  2:55  SCV  
  28  3:02  Starport  
  28  3:05  SCV  
  29  3:08  SCV  
  29  3:11  Hellion  
  29  3:12  Hellion  
  34  3:13  Barracks Tech Lab  
  34  3:17  Supply Depot  
  34  3:19  SCV  
  35  3:20  SCV  
  36  3:31  SCV  
  36  3:32  SCV  
  42  3:43  SCV  
  42  3:44  SCV  
  42  3:46  Cloaking Field  
  45  3:50  Banshee  
  45  3:51  Barracks Tech Lab  
  45  3:55  SCV  
  44  3:56  SCV  
  44  4:00  Orbital Command  
  44  4:01  Hellion x2  
  49  4:06  Supply Depot  
  49  4:07  SCV  
  49  4:08  SCV  
  49  4:09  Stimpack  
  51  4:10  Marine  
  51  4:12  Barracks  
  52  4:19  SCV  
  52  4:20  SCV  
  54  4:24  Barracks  
  54  4:29  Factory Reactor  
  54  4:31  SCV  
  54  4:32  Marauder  
  54  4:33  SCV, Banshee  
  54  4:34  SCV  
  60  4:43  SCV  
  60  4:45  SCV  
  59  4:46  SCV  
  59  4:53  Marine  
  59  4:56  SCV  
  61  5:01  Supply Depot x2  
  61  5:13  Factory Reactor  
  61  5:23  Supply Depot, SCV x3, Marine x5, Engineering Bay  
  61  5:24  Engineering Bay  
  61  5:25  Starport Reactor  
  61  5:26  Refinery  
  61  5:28  Refinery  
  69  5:35  SCV x2  
  69  5:40  Supply Depot, Marine x3  
  69  5:41  Marine x2  
  74  5:48  SCV  
  74  5:49  SCV x2  
  77  5:56  Terran Infantry Weapons Level 1, Terran Infantry Armor Level 1  
  77  5:58  Marine x3  
  77  6:00  Marine x2  
  77  6:01  Medivac  
  77  6:02  SCV, Medivac  
  77  6:03  Supply Depot, SCV  
  77  6:04  Orbital Command  
  88  6:08  Barracks x2  
  88  6:12  Combat Shield  
  88  6:14  SCV  
  88  6:15  SCV  
  88  6:16  Supply Depot  
  91  6:20  Siege Tank  
  93  6:26  SCV  
  93  6:27  SCV  
  93  6:29  Supply Depot x2  
  93  6:31  SCV, Marine  
  97  6:36  Medivac  
  97  6:39  SCV x2  
  101  6:42  Marine x2  
  101  6:43  SCV, Medivac  
  101  6:45  Marine x2  
  108  6:49  Marine  
  108  6:51  SCV x2  
  110  6:56  Marine  
  110  6:59  Marine x2  
  110  7:00  Siege Tank, Marine  
  111  7:01  SCV  
  111  7:05  Supply Depot x2, Barracks Tech Lab  
  111  7:06  Marine x2  
  111  7:07  Marine  
  112  7:12  Medivac  
  112  7:14  Marine  
  116  7:16  Armory  
  116  7:17  Marine  
  116  7:19  Marine  
  117  7:26  Marine x3  
  117  7:29  Marine  
  121  7:30  Supply Depot x2, Marine  
  121  7:32  Marine  
  123  7:37  Supply Depot  
  123  7:40  Supply Depot, Command Center  
  123  7:47  Marine x2  
  123  7:48  Siege Tank, Marauder  
  123  7:49  Marauder  
  129  7:52  SCV  
  129  7:58  Marine  
  130  8:01  Marine  
  130  8:03  Command Center  
  130  8:04  Terran Infantry Weapons Level 2  
  131  8:06  Refinery  
  131  8:07  Refinery  
  131  8:09  Marauder  
  131  8:10  Marauder  
  131  8:12  Marine  
  136  8:13  SCV x2  
  136  8:15  SCV  
  139  8:21  Barracks x2  
  139  8:22  Terran Infantry Armor Level 2  
  139  8:23  Barracks  
  139  8:28  Marine  
  139  8:29  SCV  
  139  8:31  Siege Tank, Marauder x2  
  139  8:32  SCV  
  149  8:36  Sensor Tower  
  149  8:37  Marine  
  149  8:52  Marauder  
  149  8:53  Marauder  
  150  8:56  Marine  
  150  8:58  Marine  
  150  8:59  Marine x2  
  150  9:00  Medivac x2  
  150  9:01  SCV  
  159  9:04  Siege Tank  
  159  9:06  SCV  
  159  9:09  Supply Depot  
  155  9:10  Supply Depot  
  155  9:12  Factory  
  155  9:13  Marauder  
  154  9:18  Marine, Marauder  
  154  9:19  SCV x3  
  154  9:21  Barracks Tech Lab, Barracks Reactor x2  
  160  9:26  Barracks Tech Lab  
  160  9:28  Marine  
  160  9:29  Marine  
  160  9:31  SCV  
  163  9:35  Marauder  
  163  9:36  Medivac x2  
  169  9:38  SCV  
  169  9:40  Marauder  
  169  9:42  Terran Vehicle Weapons Level 1  
  169  9:44  Ghost Academy  
  172  9:48  Marine  
  172  9:51  Supply Depot  
  175  9:56  Command Center, Marauder  
  175  9:57  Marine  
  175  9:59  Marine  
  179  10:00  Marauder  
  179  10:05  Marine  
  179  10:06  Marauder  
  182  10:10  Liberator  
  182  10:13  Siege Tank  
  188  10:16  Planetary Fortress  
  179  10:34  Marine  
  179  10:35  Marauder  
  182  10:38  Marine, Marauder  
  182  10:40  Marine  
  182  10:41  Marauder  
  187  10:42  Marine  
  187  10:43  Marauder  
  187  10:44  Factory Tech Lab  
  187  10:45  Medivac  
  184  10:52  Marine  
  184  10:53  Marine  
  184  10:55  Marine  
  184  10:56  Marine, Marauder  
  173  11:00  Marauder  
  173  11:02  Marauder  
  158  11:04  Marauder  
  158  11:05  Marine  
  158  11:06  Marine x3  
  158  11:07  Siege Tank  
  158  11:10  Marine  
  158  11:11  Marine  
  160  11:14  Marine  
  160  11:16  Terran Infantry Armor Level 3, Terran Infantry Weapons Level 3  
  160  11:17  Marauder  
  161  11:21  Marauder  
  161  11:23  Marauder  
  164  11:26  Marine, Marauder  
  164  11:30  Marine  
  164  11:32  SCV x2  
  170  11:33  Planetary Fortress  
  170  11:37  Ghost Academy  
  170  11:39  Marine, Marauder  
  173  11:40  Marine  
  173  11:42  Sensor Tower  
  173  11:43  Marine, Marauder  
  173  11:45  Marauder  
  173  11:46  Marine  
  180  11:47  Marauder  
  180  11:48  Marine x2  
  180  11:51  Siege Tank  
  182  12:00  Marauder  
  175  12:02  Marine x2  
  175  12:03  Marine x2  
  175  12:04  Marauder  
  175  12:06  Marauder  
  175  12:07  Medivac  
  172  12:09  Marauder  
  172  12:11  SCV  
  159  12:16  Marine x2  
  159  12:17  SCV x2  
  159  12:18  SCV  
  159  12:19  SCV  
  159  12:21  Marauder  
  167  12:23  SCV  
  167  12:25  Marine x2, Command Center, Marauder  
  167  12:26  Marine  
  167  12:28  Marauder  
  167  12:29  SCV, Ghost  
  166  12:32  Siege Tank  
  166  12:33  SCV  
  166  12:34  SCV x2  
  166  12:35  SCV  
  175  12:41  SCV  
  175  12:42  Ghost  
  175  12:46  Ghost  
  175  12:48  Missile Turret  
  175  12:49  Ghost  
  182  12:51  SCV  
  182  12:53  SCV  
  182  12:56  SCV  
  182  12:57  Command Center  
  185  12:59  Ghost  
  185  13:05  Marine x3  
  186  13:06  SCV, Refinery  
  186  13:07  Refinery  
  186  13:11  Siege Tank  
  191  13:16  Marine, Refinery, Marauder  
  191  13:19  Ghost  
  196  13:33  Marine x4  
  200  13:38  Command Center  
  198  13:49  Ghost  
  198  13:51  Marine x2  
  198  13:52  Marauder  
  181  13:56  Ghost  
  181  13:57  Ghost  
  181  13:59  Marine x2  
  181  14:01  Medivac x2  
  185  14:03  Marine  
  185  14:04  SCV  
  185  14:05  Marine  
  185  14:06  Refinery  
  185  14:07  Marine  
  185  14:08  Command Center  
  185  14:13  Marauder  
  185  14:16  Marine x3  
  178  14:18  Siege Tank, Marine  
  178  14:19  Marine, Marauder  
  178  14:24  Marine  
  185  14:25  Orbital Command x2  
  185  14:26  Marauder x2  
  190  14:35  Marauder  
  190  14:37  Marine  
Tags
 
Add a new tag
Caveats
  • Supply blocks, unpowered buildings, or Contaminate may cause inaccurate times.
  • Supply counts are checked every 10 seconds.